 Dungeon Crawl Stone Soup version 0.22-a0-558-gc2241811a9 (webtiles) character file.

17507 Hercules1031 the Spry (level 12, -6/64 HPs)
             Began as a Spriggan Monk on June 27, 2018.
             Was a High Priest of Cheibriados.
             Mangled by a six-headed hydra (11 damage)
             ... on level 4 of the Lair of Beasts.
             The game lasted 00:51:12 (12984 turns).

Hercules1031 the Spry (Spriggan Monk)              Turns: 12984, Time: 00:51:13

Health: -6/64      AC: 14    Str: 21    XL:     12   Next: 19%
Magic:  15/15      EV: 39    Int: 20    God:    Cheibriados [*****.]
Gold:   705        SH:  0    Dex: 32    Spells: 11/11 levels left

rFire    + . .     SeeInvis +   s - +4 rapier
rCold    + . .     Gourm    .   (shield restricted)
rNeg     . . .     Faith    .   d - +2 robe {rC+ rF+}
rPois    .         Spirit   .   a - +0 hat
rElec    .         Reflect  .   A - +2 cloak {+Inv}
rCorr    .         Harm     .   (gloves unavailable)
MR       ++...                  (boots unavailable)
Stlth    ++++......             j - amulet of magic regeneration
HPRegen  0.20/turn              l - +1 ring of protection
MPRegen  0.39/turn              z - +4 ring of protection

@: very slow
A: very small, unfitting armour, thin metallic scales 1, see invisible, dopey 1,
herbivore, speed 3, slow metabolism 2, MP-powered wands
a: Bend Time, Temporal Distortion, Slouch, Step From Time, Renounce Religion,
Evoke Invisibility


You were on level 4 of the Lair of Beasts.
You worshipped Cheibriados.
Cheibriados was extremely pleased with you.
You were not hungry.

You visited 4 branches of the dungeon, and saw 14 of its levels.

You collected 761 gold pieces.
You spent 56 gold pieces at shops.

Inventory:

Hand Weapons
 s - a +4 rapier (weapon)
Armour
 a - a +0 hat (worn)
 d - a +2 robe of resistance (worn)
 A - a +2 cloak of invisibility (worn)
Jewellery
 f - an uncursed ring of positive energy
 i - an uncursed ring of protection from fire
 j - an amulet of magic regeneration (around neck)
 l - a +1 ring of protection (left hand)
 u - an uncursed ring of poison resistance
 w - an uncursed ring of protection from cold
 z - a +4 ring of protection (right hand)
 E - an uncursed ring of ice
 G - an uncursed ring of resist corrosion
Wands
 h - a wand of paralysis (8)
 p - a wand of acid (3)
 t - a wand of clouds (3)
 v - a wand of polymorph (14)
 x - a wand of digging (19)
 D - a wand of enslavement (3)
 F - a wand of disintegration (18)
Scrolls
 g - 2 scrolls of amnesia
 k - 4 scrolls of blinking
 o - a scroll of fog
 q - 3 scrolls of enchant weapon
 y - 7 scrolls of remove curse
Potions
 m - a potion of brilliance
Miscellaneous
 b - a phial of floods (inert)
Comestibles
 c - 14 rations


   Skills:
 + Level 8.0 Fighting
 + Level 10.3 Short Blades
 * Level 16.9 Dodging
 + Level 13.8 Stealth
 * Level 3.9 Evocations


You had 11 spell levels left.
You didn't know any spells.
Your spell library was empty.

Dungeon Overview and Level Annotations

Branches:
Dungeon (8/15)             Temple (1/1) D:6            Lair (4/6) D:8
 Shoals (1/4) Lair:2        Snake (0/4) Lair:4

Altars:
Ashenzari
Cheibriados
Dithmenos
Elyvilon
Fedhas
Gozag
Hepliaklqana
Kikubaaqudgha
Makhleb
Nemelex Xobeh
Okawaru
Qazlal
Ru
Sif Muna
Trog
Uskayaw
Vehumet
Wu Jian
Xom
Yredelemnul
Zin
The Shining One

Shops:
D:8 (

Annotations:
Lair:4 2 transporters


Innate Abilities, Weirdness & Mutations

You are very small and have problems with some larger weapons.
You are too small for most types of armour.
You have supernaturally acute eyesight. (SInv)
You are a herbivore.
You cover ground extremely quickly.
You need to consume almost no food.
You are partially covered in thin metallic scales. (AC +2)
You are dopey. (Int -2)
You expend magic power (3 MP) to strengthen your wands.


Message History

The six-headed hydra completely misses you. x3
The six-headed hydra misses you.
The six-headed hydra completely misses you.
The six-headed hydra barely misses you.
Unknown command.
You hit the six-headed hydra but do no damage.
The six-headed hydra is almost dead.
Unknown command.
Your unstable footing causes you to fumble your attack.
The six-headed hydra completely misses you.
The six-headed hydra closely misses you.
The six-headed hydra completely misses you.
The six-headed hydra closely misses you.
The six-headed hydra bites you.
* * * LOW HITPOINT WARNING * * *
The six-headed hydra completely misses you.
You puncture the six-headed hydra!
The six-headed hydra is almost dead.
The six-headed hydra bites you!
You die...

... .. ##.##
#..# ≈≈.≈ ##
... .≈.♣ ≈#
..## ♣♣.♣♣ .#
P.. ♣..)♣♣≈###
#.###
..>......#
##...#
♣).)♣.≈#.#
#≈≈.# ♣♣.♣♣≈P#
#@≈## ≈P.≈.♣.#
## #D≈#.#
P♣.≈P.##...
.≈≈#####
##.####......≈Y
##.#..........
##............
###..........
.............
.#.........


You could see a six-headed hydra and an elephant (wandering).

Vanquished Creatures
  Gastronok (Lair:1)
  Nergalle (Lair:1)
  Sonja (Lair:1)
  Pikel (D:6)
  The ghost of Asanbosam the Covered, a novice GnWn of Cheibriados (D:7)
  2 elephants (Lair:4)
  Maurice (D:8)
  Joseph (D:8)
  3 black mambas
  A spiny frog (Lair:3)
  4 komodo dragons
  2 rime drakes (Lair:3)
  2 merfolk (Lair:2)
  9 blink frogs (Lair:2)
  Sigmund (D:2)
  13 yaks
  2 basilisks (Lair:2)
  A human (D:8)
  Grum (D:8)
  3 fire bats (Lair:3)
  A hungry ghost (D:8)
  3 nagas (Lair:4)
  2 water moccasins
  3 porcupines
  3 sky beasts
  A slave (D:6)
  2 ice beasts
  An orc warrior (D:8)
  An ogre (D:8)
  8 wolves
  A centaur (D:7)
  5 crocodiles
  2 big kobolds
  9 bullfrogs
  2 scorpions
  A howler monkey (shapeshifter) (D:6)
  6 crimson imps
  A quasit (D:6)
  A jelly (D:8)
  2 hounds
  3 orc priests
  6 orc wizards
  A bullfrog skeleton (D:4)
  4 iguanas
  Jessica (D:2)
  6 worker ants
  2 hound zombies
  A hound skeleton (D:8)
  6 gnolls
  13 adders
  A shadow imp (D:6)
  An adder skeleton (D:4)
  3 dart slugs
  4 leopard geckos
  18 orcs
  3 ball pythons
  4 giant cockroaches
  12 goblins
  7 hobgoblins
  17 jackals
  4 quokkas
  7 bats
  10 frilled lizards
  2 jackal skeletons
  22 kobolds
  9 rats
273 creatures vanquished.

Vanquished Creatures (others)
  11 fungi
  7 plants
18 creatures vanquished.

Grand Total: 291 creatures vanquished

Notes
Turn   | Place    | Note
-------+----------+-------------------------------------------
     0 | D:1      | Hercules1031 the Spriggan Monk began the quest for the Orb.
     0 | D:1      | Reached XP level 1. HP: 11/11 MP: 2/2
   148 | D:1      | Reached XP level 2. HP: 8/16 MP: 3/3
   758 | D:1      | Reached XP level 3. HP: 10/19 MP: 4/4
  1170 | D:2      | Noticed Sigmund
  1203 | D:2      | Noticed Jessica
  1205 | D:2      | Killed Jessica
  1205 | D:2      | Reached skill level 5 in Dodging
  1299 | D:2      | Killed Sigmund
  1299 | D:2      | Reached skill level 6 in Dodging
  1299 | D:2      | Reached skill level 5 in Stealth
  1299 | D:2      | Reached XP level 4. HP: 24/24 MP: 5/5
  1299 | D:2      | Reached XP level 5. HP: 28/28 MP: 6/6
  1543 | D:2      | You fall through a shaft for 2 floors!
  1999 | D:3      | Reached XP level 6. HP: 21/32 MP: 7/7
  3121 | D:3      | Reached skill level 7 in Dodging
  3712 | D:4      | Found a shimmering altar of Xom.
  3754 | D:4      | Reached XP level 7. HP: 15/37 MP: 8/8
  4018 | D:4      | Reached skill level 5 in Short Blades
  4142 | D:4      | Reached skill level 8 in Dodging
  4568 | D:4      | Found a hazy altar of Hepliaklqana.
  4571 | D:4      | Found a burning altar of Makhleb.
  4639 | D:5      | Entered Level 5 of the Dungeon
  4692 | D:5      | Found a hide-covered altar of Uskayaw.
  4695 | D:5      | Found a basalt altar of Yredelemnul.
  4705 | D:5      | Found an ornate altar of the Wu Jian Council.
  4743 | D:5      | Found a shattered altar of Ashenzari.
  4762 | D:5      | Found a shattered altar of Ashenzari.
  4972 | D:5      | Reached skill level 9 in Dodging
  4972 | D:5      | Reached XP level 8. HP: 38/42 MP: 9/9
  5374 | D:6      | Reached skill level 10 in Dodging
  5397 | D:6      | Found a staircase to the Ecumenical Temple.
  5410 | Temple   | Entered the Ecumenical Temple
  5669 | Temple   | Became a worshipper of Cheibriados the Contemplative
  5669 | Temple   | Reached * piety under Cheibriados
  5669 | Temple   | Reached ** piety under Cheibriados
  5738 | D:6      | Noticed Pikel
  5771 | D:6      | Killed Pikel
  5771 | D:6      | Reached skill level 5 in Fighting
  6018 | D:6      | Reached skill level 11 in Dodging
  6018 | D:6      | Reached XP level 9. HP: 38/47 MP: 10/10
  6641 | D:7      | Found a runed door.
  6641 | D:7      | Noticed Asanbosam's ghost (novice GnWn)
  6650 | D:7      | Killed Asanbosam's ghost
  7118 | D:8      | Found a blossoming altar of Fedhas.
  7120 | D:8      | Noticed Joseph
  7124 | D:8      | Killed Joseph
  7124 | D:8      | Reached skill level 12 in Dodging
  7124 | D:8      | Reached skill level 10 in Stealth
  7132 | D:8      | Noticed Maurice
  7176 | D:8      | Killed Maurice
  7206 | D:8      | Found Neosm's Weapon Emporium.
  7211 | D:8      | Bought a +0 rapier for 56 gold pieces
  7324 | D:8      | Noticed Grum
  7326 | D:8      | Reached XP level 10. HP: 49/53 MP: 11/11
  7345 | D:8      | Killed Grum
  7345 | D:8      | Reached skill level 13 in Dodging
  7788 | D:8      | Found a stormy altar of Qazlal.
  7868 | D:8      | Reached *** piety under Cheibriados
  8022 | D:8      | Found a staircase to the Lair.
  8384 | Lair:1   | Entered Level 1 of the Lair of Beasts
  8598 | Lair:1   | Noticed Nergalle
  8605 | Lair:1   | Killed Nergalle
  8736 | Lair:1   | Noticed Gastronok
  8756 | Lair:1   | Killed Gastronok
  8756 | Lair:1   | Reached skill level 14 in Dodging
  8899 | Lair:1   | Noticed Sonja
  8906 | Lair:1   | Killed Sonja
  8906 | Lair:1   | Reached XP level 11. HP: 58/58 MP: 12/12
  9119 | Lair:2   | Reached skill level 15 in Dodging
  9633 | Lair:2   | Found a staircase to the Shoals.
  9638 | Shoals:1 | Entered Level 1 of the Shoals
  9808 | Lair:2   | Gained mutation: You are partially covered in thin metallic scales. (AC +2) [potion of mutation]
  9808 | Lair:2   | Gained mutation: You are dopey. (Int -2) [potion of mutation]
  9808 | Lair:2   | Gained mutation: You expend magic power (3 MP) to strengthen your wands. [potion of mutation]
 10772 | Lair:2   | Reached **** piety under Cheibriados
 11132 | Lair:3   | Reached skill level 16 in Dodging
 11588 | Lair:3   | Reached skill level 10 in Short Blades
 12280 | Lair:3   | Reached skill level 1 in Evocations
 12549 | Lair:4   | Reached XP level 12. HP: 54/64 MP: 11/14
 12586 | Lair:4   | Found a staircase to the Snake Pit.
 12633 | Lair:4   | Found a transporter.
 12700 | Lair:4   | Found a transporter.
 12751 | Lair:4   | Reached ***** piety under Cheibriados
 12969 | Lair:4   | Noticed a six-headed hydra
 12984 | Lair:4   | Mangled by a six-headed hydra

Vault maps used:
D:1:      dpeg_arrival_subterranean_lakeside_camping
D:2:      first_ration, uniq_jessica, uniq_sigmund
D:3:      wad_river_or_something, minmay_misc_feat_more_columns,
          skrybe_limestone_x
D:4:      nicolae_overflow_hidden_temple, led_xom_imps
D:5:      grunt_temple_overflow_cloverleaf, cheibrodos_ashenzari_chains
D:6:      minmay_temple_entry_glass, uniq_pikel
D:7:      gammafunk_ghost_grave, minmay_misc_feat_x
D:8:      fedhas_altar_3, grunt_qazlal_sundering, dpeg_oklobed_lair,
          serial_shops, kennysheep_little_box, grunt_pizzeria,
          grunt_ministairs_11, uniq_joseph, uniq_maurice, uniq_grum
Temple:   minmay_temple_curvy_branch
Lair:1:   lemuel_fruit_tree, uniq_sonja, uniq_gastronok, uniq_nergalle
Lair:2:   elwin_shoals_entry_rooms
Lair:3:   nicolae_volcano_entry_batcave
Lair:4:   gammafunk_cloud_chamber, guppyfry_snake_entry_garden
Shoals:1: serial_shops, shop, uniq_nikola

Skill      XL: |  1  2  3  4  5  6  7  8  9 10 11 12 |
---------------+-------------------------------------+-----
Fighting       | 3 4 5 6 7 8 |  8.0
Dodging        | 6 7 9 11 12 14 16 | 16.9
Stealth        | 5 6 7 9 10 12 13 | 13.8
Short Blades   | 4 5 6 7 9 10 | 10.3
Evocations     | 2 3 |  3.9

Action                   |  1- 3 |  4- 6 |  7- 9 | 10-12 || total
-------------------------+-------+-------+-------+-------++-------
Melee: Short sword       |   129 |   258 |       |       ||   387
       Dagger            |       |    57 |   560 |       ||   617
       Rapier            |       |       |    22 |   656 ||   678
 Abil: Evoke Invisibilit |       |       |       |     3 ||     3
Evoke: Phial of floods   |       |       |       |     1 ||     1
  Use: Scroll            |     5 |     6 |    11 |    14 ||    36
       Potion            |     4 |     4 |     1 |    11 ||    20
 Stab: Sleeping          |    12 |    17 |    19 |    19 ||    67
       Confused          |       |       |     1 |       ||     1
       Petrified         |       |       |     1 |       ||     1
       Paralysed         |       |       |     1 |       ||     1
       Invisible         |       |       |       |     5 ||     5
  Eat: Ration            |       |     3 |     2 |     3 ||     8
Armor: Robe              |    20 |    36 |    61 |    69 ||   186
Dodge: Dodged            |   145 |   284 |   487 |   880 ||  1796

Table legend:
 A = Spawn XP
 B = Non-spawn XP
 C = Spawn XP percentage of total XP
 D = Spawn monster count
 E = Non-spawn monster count
 F = Spawn count percentage of total count
 G = Total turns spent on level
                    A         B        C        D         E        F      G
               +---------+---------+-------+---------+---------+-------+---------
         Total |       0 |   25010 |   0.0 |       0 |     272 |   0.0 | 12984
               +---------+---------+-------+---------+---------+-------+---------
           D:1 |       0 |      54 |   0.0 |       0 |      31 |   0.0 |  1169
           D:2 |       0 |     312 |   0.0 |       0 |      23 |   0.0 |   716
           D:3 |       0 |     212 |   0.0 |       0 |      34 |   0.0 |  1452
           D:4 |       0 |     528 |   0.0 |       0 |      27 |   0.0 |  1302
           D:5 |       0 |     480 |   0.0 |       0 |      18 |   0.0 |   556
           D:6 |       0 |    1373 |   0.0 |       0 |      21 |   0.0 |   874
           D:7 |       0 |    1023 |   0.0 |       0 |      14 |   0.0 |   740
           D:8 |       0 |    2610 |   0.0 |       0 |      34 |   0.0 |  1277
        Lair:1 |       0 |    4541 |   0.0 |       0 |       7 |   0.0 |   724
        Lair:2 |       0 |    5989 |   0.0 |       0 |      25 |   0.0 |  2013
        Lair:3 |       0 |    4650 |   0.0 |       0 |      21 |   0.0 |  1403
        Lair:4 |       0 |    3238 |   0.0 |       0 |      17 |   0.0 |   454
               +---------+---------+-------+---------+---------+-------+---------
